 Dungeon Crawl Stone Soup version 0.20.0-15-g7f486f2 (webtiles) character file.

15685 Rrauwl the Warrior (level 12, -5/143 HPs)
             Began as an Ogre Assassin on June 9, 2017.
             Was the Champion of Qazlal.
             Slain by a white ugly thing (14 damage)
             ... on level 11 of the Dungeon.
             The game lasted 00:44:18 (11648 turns).

Rrauwl the Warrior (Ogre Assassin)                 Turns: 11648, Time: 00:44:20

Health: -5/143     AC:  3    Str: 21    XL:     12   Next: 29%
Magic:  13/17      EV: 11    Int: 12    God:    Qazlal [******]
Gold:   260        SH: 12    Dex: 11    Spells: 11/11 levels left

rFire    . . .     SeeInvis .   a - +4 whip (elec)
rCold    + . .     Gourm    .   (no shield)
rNeg     . . .     Faith    .   o - +0 robe
rPois    .         Spirit   .   (helmet restricted)
rElec    .         Reflect  .   q - +1 cloak
rCorr    .         Harm     .   (gloves unavailable)
MR       +....                  (boots unavailable)
Stlth    +.........             t - amulet of rage
Regen    0.4/turn               (no ring)
MPRegen  0.2/turn               (no ring)

@: protected from cold, corroded, repel missiles
A: unfitting armour, hooves 1, large bone plates 1, yellow scales 1, clumsy 1,
strong 1, tough skin 1
a: Upheaval, Elemental Force, Disaster Area, Renounce Religion, Evoke Berserk
Rage


You were on level 11 of the Dungeon.
You worshipped Qazlal.
Qazlal was exalted by your worship.
You were not hungry.

You visited 2 branches of the dungeon, and saw 12 of its levels.
You also visited: Ossuary.

You collected 529 gold pieces.
You spent 269 gold pieces at shops.

Inventory:

Hand Weapons
 a - a +4 whip of electrocution (weapon)
 b - a +1 blowgun
 c - a +2 giant spiked club of crushing
 d - a +0 giant spiked club
Missiles
 e - 77 poisoned needles
 f - 2 curare-tipped needles
 s - 3 large rocks (quivered)
Armour
 o - a +0 robe (worn)
 q - a +1 cloak (worn)
Jewellery
 t - an amulet of rage (around neck)
 y - an uncursed amulet of the gourmand
 A - an uncursed amulet of faith
Wands
 i - a wand of flame (16/48)
 B - a wand of digging (12/24)
 K - a wand of random effects (22/48)
 L - a wand of acid (5/15)
Scrolls
 j - 4 scrolls of enchant armour
 l - 7 scrolls of teleportation
 m - 2 scrolls of remove curse
 n - 3 scrolls of blinking
 v - a scroll of immolation
 z - 4 scrolls of identify
 G - a scroll of fog
 H - a scroll of recharging
Potions
 w - 5 potions of lignification
 x - a potion of berserk rage
 C - a potion of magic
 E - 5 potions of flight
 F - 6 potions of curing
Miscellaneous
 D - a box of beasts
Comestibles
 g - 6 bread rations
 k - 5 fruits
 p - 4 meat rations
 u - 15 royal jellies


   Skills:
 + Level 15.6 Fighting
   Level 1.3 Short Blades
 + Level 11.2 Maces & Flails
 - Level 2.0 Throwing
 - Level 4.0 Dodging
 - Level 3.1 Stealth
 - Level 7.0 Invocations
 - Level 3.0 Evocations


You had 11 spell levels left.
You didn't know any spells.

Dungeon Overview and Level Annotations

Branches:
Dungeon (11/15)            Temple (1/1) D:6
   Lair: D:8-11         Orc: D:9-12

Altars:
Ashenzari
Cheibriados
Dithmenos
Elyvilon
Fedhas
Gozag
Hepliaklqana
Kikubaaqudgha
Makhleb
Nemelex Xobeh
Okawaru
Qazlal
Ru
Sif Muna
Trog
Uskayaw
Vehumet
Xom
Yredelemnul
Zin
The Shining One
Lugonu

Shops:
D:4 [   D:9 ?   D:10 }


Innate Abilities, Weirdness & Mutations

You are too large for most types of armour.
You have tough skin. (AC +1)
You have large cloven feet.
You are partially covered in large bone plates. (SH +4)
You are partially covered in yellow scales. (AC +2)
You are clumsy. (Dex -2)
Your muscles are strong. (Str +2)


Message History

The white ugly thing tail-slaps you. The white ugly thing freezes you!!
Your resistance to physical damage fades away.
You feel protected from cold.
* * * LOW HITPOINT WARNING * * *
You barely miss the white ugly thing.
You kick the white ugly thing, but do no damage.
The white ugly thing is severely wounded.
You hit the white ugly thing.
The white ugly thing is severely wounded.
The white ugly thing tail-slaps you.
* * * LOW HITPOINT WARNING * * *
The white ugly thing freezes you! You resist.
* * * LOW HITPOINT WARNING * * *
You hit the white ugly thing but do no damage.
The white ugly thing is severely wounded.
The white ugly thing tail-slaps you!
* * * LOW HITPOINT WARNING * * *
The white ugly thing freezes you! You resist.
You feel more protected from cold.
You die...

#.?.......
#........
###.......###.#
.............
.. #
#.....).##....
..#
#.............
....
######[##.....
.....#######u#
...
..........)@)#
.
.........§§§§#
...........§.#
.............#
.....#######.#
..... #)# ....
#.# ### #.# #.#


You could see a white ugly thing.

Vanquished Creatures
  The ghost of Name63 the Fighter, a journeyman MiMo of Elyvilon (D:10)
  Erica (D:9)
  A queen ant (D:8)
  6 two-headed ogres
  Pikel (D:9)
  Joseph (D:8)
  A hornet (D:11)
  Prince Ribbit (D:5)
  2 hippogriffs
  4 yaks (D:10)
  A basilisk (D:11)
  A wyvern (D:9)
  A hungry ghost (D:9)
  An acid dragon (D:11)
  8 soldier ants (D:8)
  6 orc warriors
  A black bear (D:6)
  2 ice beasts
  5 sky beasts
  A slave (D:9)
  10 ogres
  A phantom (D:10)
  3 eyes of draining (D:4)
  5 centaurs
  9 bullfrogs
  5 scorpions
  4 killer bees (D:7)
  4 wights (D:10)
  3 howler monkeys
  An electric eel (D:8)
  2 bullfrog zombies (D:6)
  4 crimson imps
  11 orc wizards
  2 hounds
  5 jellies
  8 orc priests
  5 iguanas
  2 centaur skeletons
  35 worker ants
  2 hound skeletons (D:9)
  4 mummies (Ossuary)
  A worker ant zombie (D:10)
  10 gnolls
  9 adders
  A shadow imp (D:9)
  9 oozes
  An adder skeleton (D:4)
  3 worms
  A dart slug (D:1)
  5 leopard geckos
  41 orcs
  7 bats
  5 giant cockroaches
  6 goblins
  6 hobgoblins
  13 jackals
  4 quokkas
  A ball python (D:4)
  2 frilled lizards (D:1)
  A gnoll zombie (Ossuary)
  3 goblin zombies (Ossuary)
  5 kobolds
  3 kobold zombies (Ossuary)
  An orc zombie (Ossuary)
  8 rats
  A bush (D:6)
318 creatures vanquished.

Vanquished Creatures (others)
  2 slaves (D:9)
  A plant (D:8)
3 creatures vanquished.

Grand Total: 321 creatures vanquished

Notes
Turn   | Place    | Note
-------+----------+-------------------------------------------
     0 | D:1      | Rrauwl the Ogre Assassin began the quest for the Orb.
     0 | D:1      | Reached XP level 1. HP: 22/22 MP: 1/1
    26 | D:1      | Reached skill level 1 in Dodging
    31 | D:1      | Reached skill level 3 in Fighting
    31 | D:1      | Reached XP level 2. HP: 23/31 MP: 2/2
   543 | D:1      | Reached skill level 1 in Maces & Flails
   557 | D:1      | Reached XP level 3. HP: 34/37 MP: 3/3
  1149 | D:2      | Found a faded altar of an unknown god.
  1190 | D:2      | Became a worshipper of Qazlal Stormbringer
  1190 | D:2      | Reached * piety under Qazlal
  1237 | D:2      | Found a hazy altar of Hepliaklqana.
  1273 | D:2      | Found a glowing silver altar of Zin.
  1275 | D:2      | Reached skill level 4 in Fighting
  1340 | D:2      | Found a basalt altar of Yredelemnul.
  1365 | D:2      | Found an opulent altar of Gozag.
  1409 | D:2      | Reached XP level 4. HP: 48/48 MP: 4/4
  1583 | D:2      | Found a white marble altar of Elyvilon.
  1935 | D:3      | Reached XP level 5. HP: 55/55 MP: 5/5
  2062 | D:3      | Found a stormy altar of Qazlal.
  2404 | D:3      | Reached skill level 5 in Fighting
  2806 | D:3      | Reached ** piety under Qazlal
  2985 | D:4      | Reached skill level 1 in Evocations
  2988 | D:4      | Reached XP level 6. HP: 29/66 MP: 6/6
  3584 | D:4      | Reached skill level 6 in Fighting
  3641 | D:4      | Found a bloodstained altar of Trog.
  3641 | D:4      | Noticed an eye of draining
  3641 | D:4      | Noticed an eye of draining
  3641 | D:4      | Noticed an eye of draining
  3670 | D:4      | Killed an eye of draining
  3670 | D:4      | Reached XP level 7. HP: 76/76 MP: 0/8
  3704 | D:4      | Reached skill level 7 in Fighting
  3812 | D:4      | Found Jevolir's Armour Boutique.
  4054 | D:4      | Found an ancient bone altar of Kikubaaqudgha.
  4117 | D:4      | Found a sparkling altar of Nemelex Xobeh.
  4283 | D:5      | Entered Level 5 of the Dungeon
  4302 | D:5      | Reached XP level 8. HP: 80/87 MP: 10/10
  4323 | D:5      | Reached skill level 1 in Invocations
  4327 | D:5      | Gained mutation: Potions are less effective at restoring your health. [mutagenic meat]
  4328 | D:5      | Gained mutation: Armour fits poorly on your strangely shaped body. [mutagenic meat]
  4329 | D:5      | Gained mutation: You are clumsy. (Dex -2) [mutagenic meat]
  4602 | D:5      | Lost mutation: You are clumsy. (Dex -2) [potion of mutation]
  4602 | D:5      | Lost mutation: Potions are less effective at restoring your health. [potion of mutation]
  4602 | D:5      | Lost mutation: Armour fits poorly on your strangely shaped body. [potion of mutation]
  4602 | D:5      | Gained mutation: You are partially covered in large bone plates. (SH +4) [potion of mutation]
  4602 | D:5      | Gained mutation: Scrolls take you a little longer to read. [potion of mutation]
  4602 | D:5      | Gained mutation: You are frail. (-10% HP) [potion of mutation]
  4602 | D:5      | Gained mutation: Your flesh is cold resistant. (rC+) [potion of mutation]
  4648 | D:5      | Reached *** piety under Qazlal
  4675 | D:5      | Noticed Prince Ribbit
  4681 | D:5      | Killed Prince Ribbit
  4681 | D:5      | Reached skill level 8 in Fighting
  4681 | D:5      | Reached skill level 5 in Maces & Flails
  4998 | D:5      | Found a burning altar of Makhleb.
  5144 | D:6      | Found a blossoming altar of Fedhas.
  5185 | D:6      | Found a staircase to the Ecumenical Temple.
  5200 | Temple   | Entered the Ecumenical Temple
  5287 | D:6      | Reached skill level 9 in Fighting
  5287 | D:6      | Reached XP level 9. HP: 83/88 MP: 12/12
  5563 | D:6      | Reached skill level 5 in Invocations
  5903 | D:6      | Reached **** piety under Qazlal
  6136 | D:6      | Reached skill level 10 in Fighting
  6444 | D:7      | Lost mutation: Scrolls take you a little longer to read. [mutagenic meat]
  6445 | D:7      | Gained mutation: Your muscles are strong. (Str +2) [mutagenic meat]
  6446 | D:7      | Gained mutation: You are partially covered in yellow scales. (AC +2) [mutagenic meat]
  6828 | D:7      | Reached XP level 10. HP: 39/99 MP: 14/14
  7138 | D:7      | Reached skill level 11 in Fighting
  7802 | D:8      | Noticed Joseph
  7817 | D:8      | Killed Joseph
  8098 | D:9      | Noticed a two-headed ogre
  8114 | D:9      | Killed a two-headed ogre
  8247 | D:8      | Reached skill level 12 in Fighting
  8307 | D:8      | Found a sand-covered staircase.
  8315 | Ossuary  | Entered an ossuary
  8347 | Ossuary  | Reached ***** piety under Qazlal
  8754 | D:8      | Found a glowing golden altar of the Shining One.
  8774 | D:8      | You fall through a shaft for 2 floors!
  8774 | D:10     | Entered Level 10 of the Dungeon
  8794 | D:9      | Noticed a two-headed ogre
  8810 | D:9      | Killed a two-headed ogre
  8810 | D:9      | Reached XP level 11. HP: 111/111 MP: 16/16
  8875 | D:9      | Gained mutation: You have large cloven feet. [mutagenic meat]
  8876 | D:9      | Lost mutation: Your flesh is cold resistant. (rC+) [mutagenic meat]
  8877 | D:9      | Gained mutation: You are clumsy. (Dex -2) [mutagenic meat]
  8878 | D:9      | Lost mutation: You are frail. (-10% HP) [mutagenic meat]
  8898 | D:9      | Noticed Pikel
  8908 | D:9      | Noticed Erica
  8917 | D:9      | Killed Pikel
  8917 | D:9      | Reached skill level 13 in Fighting
  8931 | D:9      | Killed Erica
  9073 | D:9      | Found a radiant altar of Vehumet.
  9083 | D:9      | Found a hide-covered altar of Uskayaw.
  9177 | D:9      | Found an iron altar of Okawaru.
  9215 | D:9      | Found Omibrok's Magic Scroll Shop.
  9223 | D:9      | Bought a scroll of teleportation for 45 gold pieces
  9223 | D:9      | Bought a scroll of blinking for 112 gold pieces
  9223 | D:9      | Bought a scroll of enchant weapon for 112 gold pieces
  9648 | D:8      | Noticed a queen ant
  9669 | D:8      | Killed a queen ant
  9740 | D:8      | Reached skill level 14 in Fighting
  9980 | D:8      | Reached skill level 10 in Maces & Flails
 10328 | D:10     | Reached ****** piety under Qazlal
 10510 | D:10     | Noticed a two-headed ogre
 10510 | D:10     | Noticed Name63's ghost (journeyman MiMo)
 10519 | D:10     | Killed a two-headed ogre
 10542 | D:10     | Killed Name63's ghost
 10563 | D:10     | Found Nigeli's Gadget Boutique.
 10821 | D:10     | Reached XP level 12. HP: 78/140 MP: 17/17
 10821 | D:10     | Reached skill level 15 in Fighting
 11534 | D:11     | Noticed a two-headed ogre
 11542 | D:11     | Killed a two-headed ogre
 11567 | D:11     | Noticed a two-headed ogre
 11568 | D:11     | Noticed a two-headed ogre
 11578 | D:11     | Killed a two-headed ogre
 11591 | D:11     | Killed a two-headed ogre
 11600 | D:11     | Paralysed by a hornet for 1 turns
 11648 | D:11     | Slain by a white ugly thing

Skill      XL: |  1  2  3  4  5  6  7  8  9 10 11 12 |
---------------+-------------------------------------+-----
Dodging        | 1 2 4 |  4.0
Fighting       | 3 4 5 6 7 9 10 12 14 15 | 15.6
Stealth        | 3 |  3.1
Maces & Flails | 1 2 3 4 5 7 8 10 11 | 11.2
Evocations     | 1 2 3 |  3.0
Invocations    | 4 6 7 |  7.0
Short Blades   | |  1.3
Throwing       | |  2.0

Action                   |  1- 3 |  4- 6 |  7- 9 | 10-12 || total
-------------------------+-------+-------+-------+-------++-------
Melee: Mace              |    92 |    87 |       |       ||   179
       Whip              |       |    30 |   323 |   502 ||   855
       Kick              |       |       |       |    92 ||    92
Throw: Large rock        |       |       |     4 |       ||     4
Invok: Upheaval          |       |       |       |     1 ||     1
 Abil: Evoke Berserk Rag |       |     3 |     2 |     9 ||    14
Evoke: Wand              |       |       |     3 |       ||     3
  Use: Scroll            |     5 |     6 |     4 |    13 ||    28
       Potion            |       |     1 |     9 |     5 ||    15
 Stab: Distracted        |     1 |       |       |       ||     1
  Eat: Chunk             |     2 |     8 |    21 |    27 ||    58
Armor: Robe              |    37 |    41 |    60 |    46 ||   184
       Skin              |       |       |     6 |       ||     6
Dodge: Dodged            |    42 |    49 |    85 |   109 ||   285
       Deflected         |       |       |     1 |     5 ||     6
Block: Other             |     1 |    11 |    91 |   118 ||   221
